 Dungeon Crawl Stone Soup version 0.31.0-12-g77e489cdc1 (webtiles) character file.

Game seed: 7608517098850343067

290574 James the Executioner (level 20, -41/191 HPs)
             Began as a Hill Orc Fighter on Mar 7, 2024.
             Was the Champion of Qazlal.
             Killed from afar by an ironbound thunderhulk (63 damage)
             ... with a bolt of lightning
             ... on level 4 of the Vaults.
             The game lasted 01:55:13 (48382 turns).

James the Executioner (Hill Orc Fighter)           Turns: 48382, Time: 01:55:13

Health: -41/191    AC: 27    Str: 26    XL:     20   Next: 75%
Magic:  29/34      EV: 14    Int:  8    God:    Qazlal [******]
Gold:   2433       SH: 13    Dex: 12    Spells: 19/19 levels left

rFire   . . .        a - +4 executioner's axe (drain)
rCold   + . .        (shield currently unavailable)
rNeg    . . .        W - +3 chain mail {rC+}
rPois   +            A - +1 hat {Will+}
rElec   .            k - +1 cloak
rCorr   .            j - +2 pair of gloves
SInv    .            L - +0 pair of boots
Will    ++...        C - amulet of reflection Stlth
                     s - ring of poison resistance
HPRegen 0.51/turn    o - +4 ring of slaying
MPRegen 0.24/turn

%: repel missiles, reflection
@: protected from physical damage, corroded
A: no striking features
}: 2/15 runes: decaying, serpentine
a: Renounce Religion, Upheaval, Elemental Force, Disaster Area


You were on level 4 of the Vaults.
You worshipped Qazlal.
Qazlal was exalted by your worship.
You visited 7 branches of the dungeon, and saw 35 of its levels.
You also visited: Ossuary and Bailey.

You collected 4052 gold pieces.
You spent 1619 gold pieces at shops.

Inventory:

Hand Weapons
 a - a +4 executioner's axe of draining (weapon)
   (You bought it in a shop on level 2 of the Snake Pit)
 b - a +3 glaive of flaming
   (You took it off an orc high priest on level 2 of the Orcish Mines)
 P - the +5 battleaxe "Ontiashu" {freeze, Int+2}
   (You bought it in a shop on level 2 of the Orcish Mines)

   Int+2:     It affects your intelligence (+2).
Missiles
 q - 8 throwing nets {!f}
 Q - 3 curare-tipped darts {!f}
 R - 35 boomerangs
Armour
 j - a +2 pair of gloves (worn)
   (You found it on level 3 of the Lair of Beasts)
 k - a +1 cloak (worn)
   (You bought it in a shop on level 1 of the Orcish Mines)
 A - a +1 hat of willpower (worn)
   (You found it on level 8 of the Dungeon)
 L - a +0 pair of boots (worn)
   (You bought it in a shop on level 3 of the Snake Pit)
 N - the +1 helmet "Ococzif" {-Tele rF+ Dex+4 Stlth+}
   (You bought it in a shop on level 3 of the Snake Pit)

   Dex+4:     It affects your dexterity (+4).
   rF+:       It protects you from fire.
   -Tele:     It prevents most forms of teleportation.
   Stlth+:    It makes you more stealthy.
 W - a +3 chain mail of cold resistance (worn)
   (You took it off Harold on level 10 of the Dungeon)
Magical Staves
 h - a staff of air
   (You found it on level 1 of the Dungeon)
Jewellery
 c - a ring of resist corrosion
   (You found it on level 15 of the Dungeon)
 i - a ring of protection from fire
   (You found it on level 12 of the Dungeon)
 l - the ring "Saraovvu" {Fly rPois Will+ Str-5}
   (You found it on level 10 of the Dungeon)

   [ring of willpower]

   Str-5:     It affects your strength (-5).
   rPois:     It protects you from poison Will+: It increases your willpower.
   Fly:       It grants you flight.
 o - a +4 ring of slaying (right hand)
   (You took it off a tengu warrior on level 12 of the Dungeon)
 s - a ring of poison resistance (left hand)
   (You found it on level 11 of the Dungeon)
 y - a ring of positive energy
   (You found it on level 1 of the Lair of Beasts)
 z - a ring of see invisible
   (You found it on level 12 of the Dungeon)
 C - an amulet of reflection (around neck)
   (You found it on level 1 of the Dungeon)
 G - the amulet "Momah" {RegenMP rC- rN++ Slay+2}
   (You found it on level 14 of the Dungeon)

   [amulet of magic regeneration]

   RegenMP:   It increases your rate of magic regeneration.
   Slay+2:    It affects your accuracy & damage with ranged weapons and melee
   (+2).
   rC-:       It makes you vulnerable to cold.
   rN++:      It greatly protects you from negative energy.
 J - a +6 ring of strength
   (You found it on level 15 of the Dungeon)
Wands
 d - a wand of iceblast (19)
   (You found it on level 4 of the Lair of Beasts)
 g - a wand of charming (32)
   (You found it on level 11 of the Dungeon)
 v - a wand of digging (6)
   (You found it on level 9 of the Dungeon)
 x - a wand of acid (30)
   (You took it off a centaur on level 6 of the Dungeon)
 M - a wand of polymorph (32)
   (You found it on level 7 of the Dungeon)
Scrolls
 m - 7 scrolls of blinking
 n - 5 scrolls of fear
 t - 2 scrolls of butterflies
 u - 3 scrolls of vulnerability {!r}
 B - 3 scrolls of fog
 E - 15 scrolls of teleportation {@r4}
 S - 4 scrolls of immolation {!r}
 V - 3 scrolls of enchant armour
 Y - 7 scrolls of revelation
Potions
 f - 7 potions of resistance
 p - 8 potions of mutation {!q}
 r - 6 potions of cancellation
 w - 16 potions of curing {@q1}
 D - 4 potions of invisibility
 F - 5 potions of berserk rage
 H - 8 potions of might
 I - 4 potions of enlightenment
 K - a potion of magic
 O - 7 potions of haste {@q3}
 U - 13 potions of heal wounds {@q2}
Miscellaneous
 e - a phantom mirror
   (You found it on level 15 of the Dungeon)
 T - a phial of floods
   (You found it on level 14 of the Dungeon)
 X - a lightning rod (4/4) {!a}
   (You found it on level 13 of the Dungeon)
 Z - a box of beasts
   (You found it on level 12 of the Dungeon)


   Skills:
 + Level 19.1 Fighting
 + Level 26.0 Axes
 * Level 20.9 Armour
 - Level 11.2 Dodging
 - Level 4.0 Shields
 + Level 20.3 Invocations


You had 19 spell levels left.
You didn't know any spells.
Your spell library contained the following spells:

 Spells                   Type           Power      Damage    Failure   Level
 Apportation              Tloc           0%         N/A       73%         1
 Freeze                   Ice            0%         1d3       73%         1
 Magic Dart               Conj           0%         1d3       73%         1
 Necrotise                Necr           0%         1d4       73%         1
 Slow                     Hex            0%         N/A       73%         1
 Blink                    Tloc           0%         N/A       86%         2
 Call Imp                 Summ           0%         N/A       86%         2
 Cigotuvi's Dreadful Rot  Necr/Alch/Air  0%         N/A       86%         2
 Jinxbite                 Hex            0%         N/A       86%         2
 Lesser Beckoning         Tloc           0%         N/A       86%         2
 Searing Ray              Conj           0%         2d4       86%         2
 Confusing Touch          Hex            0%         N/A       97%         3
 Dazzling Flash           Conj/Hex       0%         N/A       97%         3
 Frozen Ramparts          Ice            0%         1d1       97%         3
 Gell's Gravitas          Tloc           0%         N/A       97%         3
 Hailstorm                Conj/Ice       0%         3d5       97%         3
 Mephitic Cloud           Conj/Alch/Air  0%         N/A       97%         3
 Sigil of Binding         Hex            0%         N/A       97%         3
 Teleport Other           Tloc           0%         N/A       97%         3
 Vampiric Draining        Necr           0%         2d6       97%         3
 Dispel Undead            Necr           0%         3d6       100%        4
 Fulminant Prism          Conj/Alch      0%         3d5       100%        4
 Leda's Liquefaction      Alch/Erth      0%         N/A       100%        4
 Manifold Assault         Tloc           0%         N/A       100%        4
 Martyr's Knell           Necr/Summ      0%         N/A       100%        4
 Petrify                  Alch/Erth      0%         N/A       100%        4
 Vhi's Electric Charge    Tloc/Air       0%         N/A       100%        4
 Alistair's Intoxication  Alch           0%         N/A       100%        5
 Arcjolt                  Conj/Air       0%         1d10      100%        5
 Curse of Agony           Necr           0%         N/A       100%        5
 Metabolic Englaciation   Hex/Ice        0%         N/A       100%        5
 Silence                  Hex/Air        0%         N/A       100%        5
 Death Channel            Necr           0%         N/A       100%        6
 Dispersal                Tloc           0%         N/A       100%        6
 Haunt                    Necr/Summ      0%         N/A       100%        7
 Borgnjor's Revivificati  Necr           0%         N/A       100%        8
 Disjunction              Tloc           0%         N/A       100%        8
 Maxwell's Capacitive Co  Air            0%         ∞         100%        8
 Death's Door             Necr           0%         N/A       100%        9


Dungeon Overview and Level Annotations

Branches:
Dungeon (15/15)            Temple (1/1) D:4            Lair (5/5) D:9
  Swamp (4/4) Lair:3        Snake (4/4) Lair:3        Slime (0/5) Lair:5
    Orc (2/2) D:9             Elf (0/3) Orc:2        Vaults (4/5) D:13
  Crypt (0/3) Vaults:3     Depths (0/4) D:15        Ossuary (visited)
 Bailey (visited)

Altars:
Ashenzari
Cheibriados
Dithmenos
Elyvilon
Fedhas
Gozag
Hepliaklqana
Kikubaaqudgha
Makhleb
Nemelex Xobeh
Okawaru
Qazlal
Ru
Sif Muna
Trog
Uskayaw
Vehumet
Wu Jian
Xom
Yredelemnul
Zin
The Shining One
Beogh
Jiyva

Shops:
D:3 [   D:7 [   D:14 *?   Orc:1 ?**   Orc:2 ?**?(   Snake:2 (   Snake:3 :[
Vaults:1 !*   Vaults:2 =

Portals:
Trove: D:12 (give +2 gold dragon scales)


Message History

An ironbound thunderhulk comes into view.
It is wielding a +0 dire flail.
You hear a horrible gurgling sound!
You hear a shout!
You slash the vault warden! You drain the vault warden.
You slice the yaktaur like a ripe choko!!!
You kill the yaktaur!
Qazlal accepts your kill.
You feel very sick.
Activating: Elemental Force (0% risk of failure)
Press: ? - help, Dir - look around, f - activate Clouds arounds you coalesce and take form!
You feel very sick.
A culicivora comes into view.
The vault sentinel blows a loud note on a signal horn!
The yaktaur wields a +0 arbalest.
The yaktaur shoots a bolt.
The bolt hits your fire elemental!!
The vault warden hits you with a +0 great mace!!
* * * LOW HITPOINT WARNING * * *
You feel more protected from physical attacks.
You block the entropy weaver's attack. The entropy weaver hits you!
* * * LOW HITPOINT WARNING * * *
You feel more protected from physical attacks.
The entropy weaver hits you.
* * * LOW HITPOINT WARNING * * *
You feel more protected from physical attacks.
The entropy weaver barely misses you.
You swap places.
You feel very sick.
The vault sentinel unwields a +0 war axe.
The vault sentinel wields a +0 arbalest.
The vault sentinel shoots a bolt.
The bolt barely misses your water elemental.
The bolt misses you.
The vault warden hits your fire elemental with a +0 great mace!!!
Your fire elemental is destroyed!
Your fire elemental disappears in a puff of smoke!
The yaktaur shoots a bolt.
The bolt hits your fire elemental!!
Your fire elemental is destroyed!
Your fire elemental disappears in a puff of smoke!
The entropy weaver casts a spell at you.
The entropic weave corrodes you!
Your water elemental hits the entropy weaver.
Unknown command.
You feel better.
Your fire elemental is no longer moving slowly.
Your water elemental is no longer moving slowly.
Your air elemental is no longer moving slowly.
Your air elemental closely misses the vault warden.
Electricity crackles from the ironbound thunderhulk's apparatus.
The bolt of lightning hits you!!!
You die...

#. #. #. +. ' #p
.c####☼####### ..
..s.§E)E.....# ...
#.O°pE@§...#########'#
#...B))...)'.........#
#..§○E○†§..#.......<.#
#..........#.........#
#..........#.........#
#..........#.........#
#..........#.........#
#+##########.........#
######'####


You could see a vault warden (strong, drained, ally target), an ironbound
thunderhulk, an entropy weaver (ally target), a vault sentinel (strong, catching
breath), 2 friendly water elementals, a friendly fire elemental (summoned) and a
friendly air elemental (summoned).

Vanquished Creatures
  Boris (twice) (Vaults:2 Vaults:4)
  Bai Suzhen (Snake:3)
  Vashnia (Snake:4)
  Jory (Vaults:2)
  2 bone dragons
  A tentacled monstrosity (Vaults:1)
  Mlioglotl (Swamp:3)
  3 sphinxes
  Asterion (Snake:1)
  Kirke (D:13)
  2 fenstrider witches
  A tengu reaver (Vaults:1)
  3 nagarajas
  Aizul (Snake:1)
  A frost giant (Vaults:4)
  Roxanne (D:15)
  11 vault wardens
  An orc warlord (Vaults:2)
  18 ironbound preservers
  The ghost of Onucvo the Cleaver, a journeyman FoFi of Okawaru (D:14)
  The ghost of Imiczer the Cleaver, a journeyman FoFi of Okawaru (D:14)
  4 ironbound thunderhulks
  A stone giant (Vaults:3)
  6 eleionomae
  10 dire elephants
  The ghost of Fotid the Nimble, a journeyman TeHu of Dithmenos (Lair:3)
  The ghost of Ijustatesigmund the Destroyer, a journeyman GnCj of Cheibriados (D:14)
  The ghost of Tizio the Blocker, a journeyman MiFi of Yredelemnul (D:14)
  4 bunyips
  A crystal guardian (Vaults:3)
  An entropy weaver (Vaults:1)
  2 shambling mangroves
  3 yaktaur captains
  7 great orbs of eyes
  2 vault guards
  Harold (D:10)
  11 hydras
  5 salamander tyrants (Snake:4)
  2 peacekeepers (Vaults:3)
  9 anacondas
  4 alligators
  A catoblepas (D:13)
  5 boulder beetles
  8 ironbound frosthearts
  9 naga warriors
  A death knight (D:12)
  2 dancing weapons (D:13)
  6 centaur warriors
  3 tengu warriors
  4 orc high priests (Orc:2)
  The ghost of NarcSill the Spear-Bearer, a novice DsGl of Okawaru (D:8)
  The ghost of Imiv the Grappler, a journeyman VSFi of Cheibriados (D:14)
  6 two-headed ogres
  8 shock serpents
  5 spriggans (Swamp:2)
  10 naga sharpshooters
  A skeletal warrior (D:12)
  2 death drakes (Swamp:4)
  7 salamander mystics (Snake:4)
  6 goliath frogs
  A spriggan druid (Swamp:2)
  43 deep trolls
  4 naga ritualists
  7 arcanists
  2 spectral hydras (Swamp:4)
  4 swamp dragons
  5 mana vipers
  A flayed ghost (D:12)
  21 lindwurms
  6 bog bodies
  A glowing orange brain (Vaults:2)
  A phantasmal warrior (Swamp:4)
  9 orc knights
  11 ironbound convokers
  2 alligator zombies (Swamp:4)
  4 harpies
  A spectral alligator (Swamp:4)
  A deep elf pyromancer (D:15)
  4 cyclopes
  4 wolf spiders
  23 ugly things
  A salamander (shapeshifter) (D:13)
  A manticore (D:12)
  A will-o-the-wisp (Swamp:4)
  Maurice (D:8)
  4 orc sorcerers (Orc:2)
  3 meliai (D:15)
  A moth of wrath (D:8)
  15 salamanders
  Joseph (D:7)
  2 kobold blastminers (Orc:2)
  3 torpor snails
  32 black mambas
  9 guardian serpents
  15 naga magi
  7 vault sentinels
  3 gargoyles (D:12)
  12 elephants
  24 cane toads
  Maggie (D:10)
  A rime drake (Lair:3)
  2 efreet
  4 swamp worm zombies (Swamp:4)
  3 kobold demonologists
  8 komodo dragons
  A tengu conjurer (D:15)
  6 hydra zombies (Swamp:4)
  26 yaktaurs
  Jeremiah (D:7)
  10 tyrant leeches
  2 polar bears (Lair:2)
  3 bloated husks (Swamp:4)
  13 trolls
  9 hornets
  2 tarantellas (Orc:1)
  13 blink frogs
  7 dream sheep (Lair:5)
  3 spectral swamp dragons (Swamp:4)
  4 snapping turtles
  29 slime creatures
  Sigmund (D:2)
  2 wraiths (D:12)
  A culicivora (shapeshifter) (D:15)
  3 water elementals (D:14)
  4 shadows
  44 yaks
  A human (D:13)
  2 wyverns (D:9)
  5 tyrant leech zombies (Swamp:4)
  5 basilisks
  2 hogs (D:13)
  A warg (Orc:2)
  4 redbacks
  10 vampire mosquitoes
  Menkaure (D:6)
  29 nagas
  15 swamp worms
  5 acid dragons
  20 water moccasins
  A swamp dragon zombie (Swamp:4)
  4 black bears
  16 orc warriors
  3 swamp drakes
  2 ice beasts
  2 sky beasts
  4 boggarts (Vaults:2)
  4 laughing skulls
  11 ogres
  9 centaurs
  4 phantoms (Swamp:4)
  22 bullfrogs
  3 kobold brigands
  A wyvern zombie (D:5)
  A necrophage (D:5)
  4 scorpions
  4 wights
  5 killer bees (D:9)
  A howler monkey (D:10)
  9 electric eels
  2 bombardier beetles
  A bullfrog zombie (D:5)
  A centaur zombie (D:5)
  3 jellies
  16 orc priests
  2 hounds
  2 gnoll boudas
  4 sleepcaps
  A bullfrog skeleton (D:5)
  A human zombie (D:5)
  8 iguanas
  A hell rat (Lair:3)
  24 orc wizards
  3 hound zombies (D:5)
  8 mummies (Ossuary)
  2 howler monkey zombies (D:5)
  17 gnolls
  6 adders
  4 shadow imps
  A white imp (D:6)
  4 ufetubi
  4 dart slugs
  A ribbon worm (D:3)
  79 orcs
  3 ball pythons
  4 endoplasms
  4 giant cockroaches
  A gnoll zombie (Ossuary)
  12 goblins
  11 hobgoblins
  15 jackals
  15 kobolds
  2 quokkas
  14 bats
  2 frilled lizards
  2 hobgoblin zombies (Ossuary)
  2 kobold zombies (Ossuary)
  3 orc zombies (Ossuary)
  2 rats
  A spectral weapon (Snake:1)
1208 creatures vanquished.

Vanquished Creatures (collateral kills)
  A ghost crab (Swamp:4)
  An alligator zombie (Swamp:4)
  A slime creature (Lair:3)
  A phantom (Swamp:4)
  A jelly (Lair:3)
  A gnoll (Bailey)
6 creatures vanquished.

Vanquished Creatures (others)
  Nessos (D:15)
  A bog body (Swamp:4)
  A phantasmal warrior (Swamp:4)
  A salamander (Snake:4)
  7 bloated husks
  A slime creature (D:14)
  A spriggan (Swamp:2)
  A naga (Snake:4)
  3 phantoms (Swamp:4)
  An adder (D:6)
  6 foxfires (Swamp:4)
24 creatures vanquished.

Grand Total: 1238 creatures vanquished

Notes
Turn   | Place    | Note
-------+----------+-------------------------------------------
     0 | D:1      | James the Hill Orc Fighter began the quest for the Orb.
     0 | D:1      | Reached XP level 1. HP: 19/19 MP: 1/1
    76 | D:1      | Reached skill level 3 in Axes
   165 | D:1      | Reached XP level 2. HP: 26/26 MP: 2/2
   180 | D:1      | Reached skill level 4 in Axes
   486 | D:1      | Reached XP level 3. HP: 22/31 MP: 3/3
   870 | D:1      | Reached skill level 5 in Axes
  1011 | D:2      | Noticed an ogre
  1681 | D:2      | Noticed Sigmund
  1694 | D:2      | Killed Sigmund
  1695 | D:2      | Reached skill level 7 in Axes
  1695 | D:2      | Reached XP level 4. HP: 15/39 MP: 4/4
  1695 | D:2      | Reached XP level 5. HP: 18/45 MP: 5/5
  2056 | D:3      | Reached skill level 8 in Axes
  2056 | D:3      | Reached XP level 6. HP: 51/51 MP: 6/6
  2314 | D:3      | Found Kusikyawo's Antique Armour Emporium.
  2372 | D:3      | Identified the +2 leather armour of Infinity {+Blink rPois
                  | rC- rN+ Dex+4}
  2573 | D:3      | Found a roughly hewn altar of Beogh.
  2573 | D:3      | Found the +7 staff of the Meek {protect, meekguard}
  3008 | D:3      | Reached skill level 9 in Axes
  3438 | D:4      | Found a staircase to the Ecumenical Temple.
  3445 | Temple   | Entered the Ecumenical Temple
  3452 | Temple   | Became a worshipper of Qazlal Stormbringer
  3773 | D:4      | Reached XP level 7. HP: 47/57 MP: 7/7
  4008 | D:4      | Reached skill level 10 in Axes
  4421 | D:5      | Entered Level 5 of the Dungeon
  4505 | D:5      | Reached skill level 1 in Invocations
  5376 | D:5      | Reached * piety under Qazlal
  5383 | D:5      | Reached XP level 8. HP: 36/67 MP: 9/9
  5554 | D:5      | Reached skill level 11 in Axes
  5586 | D:4      | HP: 3/67 [poisoned by a kobold brigand]
  5966 | D:5      | Reached skill level 5 in Fighting
  6124 | D:5      | Found an ancient bone altar of Kikubaaqudgha.
  6662 | D:6      | Noticed Menkaure
  6670 | D:6      | Killed Menkaure
  6671 | D:6      | Reached skill level 12 in Axes
  6671 | D:6      | Reached skill level 5 in Armour
  6671 | D:6      | Reached XP level 9. HP: 74/74 MP: 12/12
  6880 | D:6      | Reached ** piety under Qazlal
  6899 | D:6      | Found a sand-covered staircase.
  6910 | Ossuary  | Entered an ossuary
  7314 | D:6      | Reached skill level 5 in Invocations
  7910 | D:7      | Found a glowing golden altar of the Shining One.
  7926 | D:7      | Found a flagged portal.
  7927 | D:7      | Reached *** piety under Qazlal
  7936 | D:7      | Reached skill level 13 in Axes
  8133 | Bailey   | Entered a bailey
  8587 | Bailey   | Noticed an orc knight
  8608 | Bailey   | Killed an orc knight
  8964 | D:7      | Reached XP level 10. HP: 63/86 MP: 14/14
  9047 | D:7      | Found a glowing silver altar of Zin.
  9178 | D:7      | Noticed Joseph
  9190 | D:7      | Killed Joseph
  9191 | D:7      | Reached skill level 14 in Axes
  9338 | D:7      | Found a blossoming altar of Fedhas.
  9398 | D:7      | Noticed Jeremiah
  9425 | D:7      | Killed Jeremiah
  9548 | D:7      | Found Ytizappo's Armour Shoppe.
  9818 | D:7      | Found a broken altar of Ashenzari.
 10699 | D:8      | Noticed Maurice
 10703 | D:8      | Something stole 12 boomerangs
 10704 | D:8      | Something stole a +2 halberd of freezing
 10705 | D:8      | Something stole an amulet of guardian spirit
 10706 | D:8      | Something stole 503 gold
 10707 | D:8      | Something stole 91 gold
 10708 | D:8      | Something stole 244 gold
 10709 | D:8      | Killed Maurice
 10969 | D:8      | Found a transporter.
 10971 | D:8      | Noticed NarcSill's ghost (novice DsGl)
 10971 | D:8      | Noticed a moth of wrath
 11023 | D:8      | Found a transporter.
 11454 | D:9      | Reached skill level 15 in Axes
 11649 | D:9      | Found a staircase to the Lair.
 11650 | D:9      | Noticed an elephant
 11657 | D:9      | Reached XP level 11. HP: 87/95 MP: 17/17
 11947 | D:9      | Found a staircase to the Orcish Mines.
 12233 | D:10     | Entered Level 10 of the Dungeon
 12413 | D:10     | Noticed Harold
 12424 | D:10     | Killed Harold
 12612 | D:10     | Noticed Maggie
 12621 | D:10     | Killed Maggie
 12712 | D:10     | Reached **** piety under Qazlal
 12713 | D:10     | Reached skill level 16 in Axes
 12860 | D:10     | Noticed a two-headed ogre
 12866 | D:10     | Killed a two-headed ogre
 12872 | D:10     | Found a snail-covered altar of Cheibriados.
 12907 | D:10     | Noticed a two-headed ogre
 12914 | D:10     | Killed a two-headed ogre
 12964 | D:10     | Identified the ring "Saraovvu" {Fly rPois Will+ Str-5}
 13319 | D:11     | Noticed a boulder beetle
 13322 | D:11     | Noticed a boulder beetle
 13374 | D:10     | Killed a boulder beetle
 13477 | D:11     | Reached skill level 10 in Fighting
 13512 | D:11     | Killed a boulder beetle
 13513 | D:11     | Reached skill level 17 in Axes
 13513 | D:11     | Reached skill level 10 in Invocations
 13513 | D:11     | Reached XP level 12. HP: 38/106 MP: 19/19
 14196 | Lair:1   | Entered Level 1 of the Lair of Beasts
 14365 | Lair:1   | Noticed a four-headed hydra
 14378 | Lair:1   | Killed a two-headed hydra
 15380 | Lair:2   | Reached skill level 10 in Armour
 15385 | Lair:2   | Reached skill level 18 in Axes
 16031 | Lair:3   | Found a staircase to the Snake Pit.
 16147 | Lair:3   | Found a runed translucent gate.
 16147 | Lair:3   | Found a runed translucent gate.
 16147 | Lair:3   | Found a runed translucent gate.
 16151 | Lair:3   | Noticed Fotid's ghost (journeyman TeHu)
 16404 | Lair:3   | Identified the +5 quarterstaff "Giedo" {heavy, Int+3}
 16435 | Lair:3   | Noticed a seven-headed hydra
 16444 | Lair:3   | Killed a three-headed hydra
 16592 | Lair:3   | Noticed a boulder beetle
 16596 | Lair:3   | Reached XP level 13. HP: 116/116 MP: 21/21
 16597 | Lair:3   | Reached ***** piety under Qazlal
 16927 | Lair:3   | Found a staircase to the Swamp.
 17082 | Lair:3   | Reached skill level 19 in Axes
 17612 | Lair:3   | Found a viscous altar of Jiyva.
 18835 | Lair:5   | Entered Level 5 of the Lair of Beasts
 19113 | Lair:5   | Found a viscous altar of Jiyva.
 19114 | Lair:5   | Found a staircase to the Slime Pits.
 19217 | Lair:5   | Reached skill level 20 in Axes
 19551 | Lair:4   | Reached XP level 14. HP: 52/127 MP: 23/23
 20600 | Lair:5   | Reached skill level 21 in Axes
 21118 | Lair:3   | Killed Fotid's ghost
 21362 | D:8      | Killed NarcSill's ghost
 21505 | D:12     | Identified the +3 scimitar "Loess" {heavy, Will+ Str+2
                  | Dex-3 SInv}
 22428 | D:12     | Found a portal to a secret trove of treasure.
 22599 | Orc:1    | Entered Level 1 of the Orcish Mines
 22862 | Orc:1    | Found Kiluh's Assorted Antiques.
 22925 | Orc:1    | Bought a scroll labelled PUOHEAZ FODE for 29 gold pieces
 22944 | Orc:1    | Found Ushuphupli's General Store.
 22955 | Orc:1    | Reached XP level 15. HP: 137/137 MP: 25/25
 23012 | Orc:1    | Found Giewnot's Magic Scroll Emporium.
 23144 | Orc:1    | Found a roughly hewn altar of Beogh.
 23296 | Orc:2    | Entered Level 2 of the Orcish Mines
 23514 | Orc:2    | Reached ****** piety under Qazlal
 23516 | Orc:2    | Reached skill level 22 in Axes
 23618 | Orc:2    | Found a staircase to the Elven Halls.
 23797 | Orc:2    | Found Wicisups's Magic Scroll Shop.
 24247 | Orc:2    | Found Halaat's General Store.
 24247 | Orc:2    | Found Goto's Assorted Antiques.
 24250 | Orc:2    | Found Noptopr Dehy's Antique Weapon Shop.
 24250 | Orc:2    | Found Nyum's Magic Scroll Shop.
 24488 | Orc:2    | Bought an iridescent battleaxe for 299 gold pieces
 24488 | Orc:2    | Identified the +5 battleaxe "Ontiashu" {freeze, Int+2} (You
                  | bought it in a shop on level 2 of the Orcish Mines)
 24539 | Orc:1    | Bought a scroll of identify for 28 gold pieces
 24539 | Orc:1    | Bought a scroll of identify for 28 gold pieces
 24539 | Orc:1    | Bought a scroll of identify for 28 gold pieces
 24539 | Orc:1    | Bought a scroll of identify for 28 gold pieces
 24539 | Orc:1    | Bought a scroll of identify for 28 gold pieces
 24579 | Orc:2    | Bought a scroll of identify for 30 gold pieces
 24579 | Orc:2    | Bought a scroll of identify for 30 gold pieces
 24599 | Orc:1    | Bought a glowing cloak for 217 gold pieces
 24925 | D:13     | Noticed Kirke
 24971 | D:13     | Killed Kirke
 24972 | D:13     | Reached skill level 15 in Invocations
 25285 | D:13     | Identified the +0 morningstar "James's Doom" {flame, Str+3
                  | Dex+4}
 25557 | D:13     | Found a gate to the Vaults.
 26619 | D:14     | Found Gurua's Magic Scroll Emporium.
 26650 | D:14     | Found a runed translucent gate.
 26650 | D:14     | Found a runed translucent gate.
 26650 | D:14     | Found a runed translucent gate.
 26651 | D:14     | Noticed Tizio's ghost (journeyman MiFi)
 26651 | D:14     | Noticed Imiczer's ghost (journeyman FoFi)
 26651 | D:14     | Noticed Onucvo's ghost (journeyman FoFi)
 26652 | D:14     | Noticed Imiv's ghost (journeyman VSFi)
 26654 | D:14     | Noticed Ijustatesigmund's ghost (journeyman GnCj)
 26716 | D:14     | Found Hemneef's Overcharged Wands.
 27230 | D:15     | Entered Level 15 of the Dungeon
 27247 | D:15     | Reached skill level 23 in Axes
 27664 | D:15     | Noticed Nessos
 27671 | D:15     | Killed Nessos
 27672 | D:15     | Reached skill level 15 in Fighting
 27672 | D:15     | Reached XP level 16. HP: 137/149 MP: 27/27
 27766 | D:15     | Noticed Roxanne
 27812 | D:15     | Killed Roxanne
 28202 | D:15     | Found a staircase to the Depths.
 28488 | D:14     | Killed Imiczer's ghost
 28498 | D:14     | Killed Ijustatesigmund's ghost
 28507 | D:14     | Killed Onucvo's ghost
 28509 | D:14     | Killed Imiv's ghost
 28517 | D:14     | Killed Tizio's ghost
 28618 | D:14     | Identified the amulet "Momah" {RegenMP rC- rN++ Slay+2}
 28867 | Swamp:1  | Entered Level 1 of the Swamp
 28875 | Swamp:1  | Reached skill level 1 in Dodging
 29462 | Swamp:1  | Reached skill level 5 in Dodging
 30806 | Swamp:2  | Paralysed by a hornet for 1 turns
 31152 | Swamp:2  | Noticed a fenstrider witch
 31161 | Swamp:2  | Killed a fenstrider witch
 31668 | Swamp:3  | Noticed Mlioglotl
 31681 | Swamp:3  | Killed Mlioglotl
 31688 | Swamp:3  | Reached skill level 10 in Dodging
 32260 | Swamp:4  | Entered Level 4 of the Swamp
 32275 | Swamp:4  | Noticed a fenstrider witch
 32283 | Swamp:4  | Killed a fenstrider witch
 32595 | Swamp:4  | Reached XP level 17. HP: 123/156 MP: 29/29
 33002 | Swamp:4  | Reached skill level 15 in Armour
 33527 | Swamp:4  | Noticed a bone dragon
 33861 | Swamp:3  | Killed a bone dragon
 34441 | Swamp:4  | Got a decaying rune of Zot
 34648 | Snake:1  | Entered Level 1 of the Snake Pit
 35310 | Snake:1  | Noticed Asterion
 35316 | Snake:1  | Killed Asterion
 35616 | Snake:1  | Identified the serpent talisman of the Secret Continents
                  | {rElec Will+ rCorr}
 35616 | Snake:1  | Noticed Aizul
 35626 | Snake:1  | Killed Aizul
 36594 | Snake:2  | Found Hutoreh's Weapon Shoppe.
 37582 | Snake:2  | Bought a +0 executioner's axe for 200 gold pieces
 37803 | Snake:3  | Noticed Bai Suzhen
 37817 | Snake:3  | Killed Bai Suzhen
 37831 | Snake:3  | Reached skill level 24 in Axes
 37924 | Snake:3  | Found Tylet's Antique Armour Shop.
 38021 | Snake:3  | Found Qysmuwk's Self-Published Books.
 38048 | Snake:3  | Identified the maw talisman of the Cherry {rF++ Str-5}
 38256 | Snake:3  | Bought a pair of boots for 153 gold pieces
 38261 | Snake:3  | Bought a twisted helmet for 323 gold pieces
 38261 | Snake:3  | Identified the +1 helmet "Ococzif" {-Tele rF+ Dex+4 Stlth+}
                  | (You bought it in a shop on level 3 of the Snake Pit)
 38292 | Snake:4  | Entered Level 4 of the Snake Pit
 38795 | Snake:4  | Reached XP level 18. HP: 168/168 MP: 30/30
 39882 | Snake:4  | Noticed Vashnia
 39893 | Snake:4  | Killed Vashnia
 39913 | Snake:4  | HP: 8/168 [guardian serpent (14)]
 41145 | Snake:4  | Got a serpentine rune of Zot
 41496 | Vaults:1 | Entered Level 1 of the Vaults
 41518 | Vaults:1 | Found Noydacs's Assorted Antiques.
 41631 | Vaults:1 | Bought a brightly glowing scale mail for 198 gold pieces
 41631 | Vaults:1 | Identified the +0 scale mail of Cigaq {Stlth+} (You bought
                  | it in a shop on level 1 of the Vaults)
 41671 | Vaults:1 | HP: 8/170 [tengu reaver/bolt of fire (47)]
 41692 | Vaults:1 | Noticed a tentacled monstrosity
 41694 | Vaults:1 | HP: 8/170 [dire elephant (9)]
 42194 | Vaults:1 | Killed a tentacled monstrosity
 42457 | Vaults:1 | Reached XP level 19. HP: 151/177 MP: 32/32
 43607 | Vaults:1 | Reached skill level 25 in Axes
 44042 | Vaults:1 | Found Alugaeth's Distillery.
 44142 | Vaults:2 | Noticed Boris
 44147 | Vaults:2 | Killed Boris
 44400 | Vaults:2 | Paralysed by a sphinx for 5 turns
 45037 | Vaults:2 | Noticed Jory
 45052 | Vaults:2 | Killed Jory
 45641 | Vaults:2 | Found Hadet's Jewellery Shoppe.
 45663 | Vaults:2 | Reached XP level 20. HP: 165/189 MP: 33/33
 47226 | Vaults:3 | Noticed a bone dragon
 47238 | Vaults:3 | Killed a bone dragon
 47248 | Vaults:3 | Found a staircase to the Crypt.
 48318 | Vaults:4 | Noticed Boris
 48335 | Vaults:4 | Reached skill level 26 in Axes
 48339 | Vaults:4 | Killed Boris
 48382 | Vaults:4 | Killed from afar by an ironbound thunderhulk

Illustrated notes

Levels and vault maps discovered:
D:1:      sevenhm_arrival_forest_fort_large_1, layout_loops_corners
D:2:      layout_loops_ring, uniq_sigmund
D:3:      layout_loops_corners, serial_shops, shop, pf_guarded_unrand_meek
D:4:      layout_gridville, minmay_temple_entry_enclosed_plants
D:5:      layout_basic, lemuel_mausoleum_altar_kikubaaqudgha, nicolae_titane
D:6:      layout_basic, enter_ossuary_1, minmay_ogre_servants, uniq_menkaure
D:7:      layout_loops_cross, amcnicky_altar_gilded, old_standard_altar,
          mainiacjoe_overflow_big_doors, enter_bailey_2,
          kennysheep_small_square, uniq_joseph, uniq_jeremiah
D:8:      layout_rooms, gammafunk_ghost_berserking_beasts, uniq_maurice
D:9:      layout_grid_maze, david_lair_generic, orc_0_dummy, fungi_pond_lemuel
D:10:     layout_basic, mainiacjoe_overflow_cross_hatched, uniq_harold,
          uniq_maggie
D:11:     layout_basic
D:12:     minmay_the_grid_triangle_9x9_rhombus_thin_mashed
          [minmay_the_grid_triangle_9x9_stretched_checkered,
          minmay_the_grid_triangle_9x9_prize_insulated,
          minmay_the_grid_triangle_9x9_sprig,
          minmay_the_grid_triangle_9x9_skeleton], layout_rooms,
          nicolae_trove_entry_crystal
D:13:     layout_irregular_city, erik_vaults_1, minmay_bent, uniq_kirke
D:14:     wad_bat_island, layout_small_grid, gammafunk_ghost_cemetery,
          serial_shops, shop, nicolae_wwwww, nicolae_shop_overcharged_wands
D:15:     hangedman_depths_entry_try_elsewhere_first, layout_gridville,
          uniq_roxanne, uniq_nessos
Temple:   nicolae_temple_bog_church
Lair:1:   layout_chaotic_city, grunt_megastairs_4
Lair:2:   layout_regular_city
Lair:3:   nzn_winding_woodlands_three_and_one
          [nzn_winding_woodlands_5x15_garden, nzn_winding_woodlands_5x15_parted,
          nzn_winding_woodlands_5x15_pool, nzn_winding_woodlands_center_garden],
          layout_chaotic_city, skrybe_swamp_entry_bodies,
          guppyfry_snake_entry_garden, gammafunk_ghost_ooze, grunt_megastairs_3
Lair:4:   layout_hall_layers, infiniplex_staircase_pool_2, serial_bayou_shore_a
Lair:5:   minmay_lair_end_frog_pond, layout_cave_shapes, slime_entry_1
Swamp:1:  layout_basic_swamp, nicolae_swamp_decorative_isthmus,
          nicolae_swamp_round_clearing, swamp_pool_3, infiniplex_staircase_pool
Swamp:2:  layout_basic_swamp, nicolae_swamp_little_tower,
          cheibrodos_swamp_witchery, nicolae_swamp_tree_isthmus
Swamp:3:  layout_falls_marsh, hangedman_swamp_lotus, swamp_pool_4,
          uniq_mlioglotl
Swamp:4:  swamp_pestilence, layout_basic_swamp, swamp_pool_1_2
Snake:1:  layout_chambers, uniq_aizul, uniq_asterion
Snake:2:  layout_rooms, serial_shops, nicolae_shop_bloodbath_and_beyond,
          corexii_hall_statues_t, serial_bayou_ford_a,
          nicolae_snake_snakes_in_the_grass
Snake:3:  layout_grid_shapes, serial_shops, nicolae_shop_hallway_plus,
          nicolae_custom_books, statue_in_the_mist_lemuel, uniq_bai_suzhen
Snake:4:  snake_pit_salamanders_mu, layout_misc_corridors, uniq_vashnia
Orc:1:    nicolae_orc_accident_3, layout_caves, serial_shops,
          nicolae_shop_pleasant_corner_grove, nicolae_shop_tiny_glass,
          nicolae_shop_tiny_real_fake_doors, nicolae_orc_lost_temple
Orc:2:    st_orc_elflike, layout_caves, serial_shops, nicolae_shop_statue_plus
Vaults:1: vaults_room_glass_cross, ontoclasm_vaults_hangar,
          hangedman_vaults_nails, v_misc_27, ontoclasm_vaults_ligature,
          v_misc_19, nicolae_vaults_wine_cellar, v_pattern_2, v_misc_10,
          v_alt_pattern_3, ontoclasm_vaults_decontamination,
          layout_vaults_omnicross, serial_shops, shop_statue, shop
Vaults:2: nicolae_vaults_six-pack, nicolae_vaults_trapezoid_3,
          vaults_dpeg_cross, vaults_room_grunt_arrival_ludios,
          nicolae_vaults_asterisk, hangedman_vaults_restitches,
          nicolae_vaults_double_plus_3, nicolae_vaults_specimen_jars,
          layout_vaults_big_room, serial_shops, shop, uniq_boris, uniq_jory
Vaults:3: st_squares, v_misc_16, minmay_crypt_entry_nasty_monster,
          ontoclasm_vaults_chip, ontoclasm_vaults_shuriken,
          nicolae_vaults_theta, nicolae_vaults_gold_heap, hangedman_vaults_trim,
          nicolae_vaults_network_periphery, v_misc_27,
          nicolae_vaults_storage_room_water, vaults_dpeg_emergency_exit,
          vaults_room_door_hall, layout_vaults_ring, uniq_margery
Vaults:4: ontoclasm_vaults_ring_square, hangedman_vaults_maws,
          nicolae_vaults_surprise_closet_hard, vaults_mumra_hex, v_misc_15,
          vaults_mumra_minichess_inversion, v_misc_5,
          nicolae_vaults_shrinking_rooms_1,
          nicolae_vaults_offset_grid_hallway_3, nicolae_vaults_network_star,
          nicolae_vaults_little_squares_6, vaults_room_octagon,
          layout_vaults_maze, uniq_mennas

Skill      XL: |  1  2  3  4  5  6  7  8  9 10 11 12 13 14 15 16 17 18 19 20 |
---------------+-------------------------------------------------------------+-----
Axes           | 3 4 7 8 9 10 12 13 15 17 18 20 21 23 24 25 26 | 26.0
Invocations    | 2 4 6 8 10 11 13 14 15 16 17 18 19 20 | 20.3
Fighting       | 4 5 7 8 10 11 12 13 15 16 17 18 19 | 19.1
Armour         | 4 5 6 7 9 10 11 12 14 16 18 19 20 | 20.9
Shields        | 4 |  4.0
Dodging        | 11 | 11.2

Action                     |  1- 3 |  4- 6 |  7- 9 | 10-12 | 13-15 | 16-18 | 19-21 || total
---------------------------+-------+-------+-------+-------+-------+-------+-------++-------
  Melee: War axe           |   124 |   105 |   410 |    92 |       |       |       ||   731
         Battleaxe         |       |       |       |   337 |   772 |   553 |       ||  1662
         Glaive            |       |       |       |     8 |    21 |    19 |       ||    48
         Executioner's axe |       |       |       |       |       |   408 |   558 ||   966
 Invoke: Elemental Force   |       |       |     2 |       |     1 |     2 |     1 ||     6
         Upheaval          |       |       |     1 |     2 |       |       |       ||     3
         Disaster Area     |       |       |       |       |     2 |     3 |       ||     5
  Evoke: Wand              |       |       |     2 |     1 |     3 |       |       ||     6
    Use: Scroll            |       |    12 |     3 |     6 |    10 |     6 |     1 ||    38
         Potion            |       |       |       |     1 |       |     5 |     1 ||     7
 Armour: Scale mail        |    86 |    52 |   138 |       |       |       |       ||   276
         Chain mail        |       |       |    56 |   342 |   538 |   798 |   377 ||  2111
         Skin              |       |       |       |       |       |    17 |       ||    17
  Dodge: Dodged            |    45 |    41 |   106 |   116 |   242 |   404 |   200 ||  1154
         Repelled          |       |       |       |     1 |     5 |    35 |     2 ||    43
  Block: Buckler           |    63 |    51 |   195 |    64 |       |       |       ||   373
         Reflection        |       |       |     4 |     7 |    28 |    45 |    14 ||    98
         Other             |       |       |       |   113 |   319 |   442 |   213 ||  1087
